 Dungeon Crawl Stone Soup version 0.22.0 (webtiles) character file.

331 Blackhawk the Skirmisher (level 6, -1/55 HPs)
             Began as a Draconian Monk on Nov 3, 2018.
             Slain by Edmund
             ... wielding a +2 flail of crushing
              (3 damage)
             ... on level 3 of the Dungeon.
             The game lasted 00:07:01 (3839 turns).

Blackhawk the Skirmisher (Draconian Monk)           Turns: 3839, Time: 00:07:02

Health: -1/55      AC:  8    Str: 14    XL:     6   Next: 26%
Magic:  6/6        EV: 14    Int: 10    God:
Gold:   163        SH:  0    Dex: 15    Spells: 5/5 levels left

rFire    . . .     SeeInvis .   a - +1 hand axe
rCold    . . .     Gourm    .   (no shield)
rNeg     . . .     Faith    .   (armour unavailable)
rPois    .         Spirit   .   (helmet restricted)
rElec    .         Reflect  .   (no cloak)
rCorr    .         Harm     +   (no gloves)
MR       .....                  t - +1 pair of boots
Stlth    ++........             j - amulet of harm
HPRegen  0.18/turn              (no ring)
MPRegen  0.10/turn              (no ring)

@: lethally poisoned (-1 -> -2)
A: unfitting armour, cold-blooded, AC +6
a: no special abilities


You were on level 3 of the Dungeon.
You were hungry.

You visited 1 branch of the dungeon, and saw 4 of its levels.

You collected 163 gold pieces.

Inventory:

Hand Weapons
 a - a +1 hand axe (weapon)
Missiles
 r - 22 bolts
Armour
 t - a +1 pair of boots (worn)
Jewellery
 j - an amulet of harm (around neck)
 s - an uncursed amulet of faith {unknown}
Scrolls
 c - 2 scrolls of enchant weapon
 d - 2 scrolls of magic mapping {unknown}
 e - a scroll of amnesia {unknown}
 g - 4 scrolls of remove curse
 h - 2 scrolls of fog {unknown}
 k - 4 scrolls of teleportation
 l - a scroll of immolation {unknown}
 n - a scroll of blinking {unknown}
 p - 4 scrolls of identify {unknown}
 q - 2 scrolls of random uselessness
Potions
 f - 3 potions of curing
 m - a potion of agility {unknown}
 o - a potion of lignification {unknown}
 u - a potion of haste {unknown}
 v - a potion of flight {unknown}
Comestibles
 b - 7 rations
 i - a chunk of flesh


   Skills:
 + Level 4.8 Fighting
 + Level 4.3 Axes
 + Level 4.0 Dodging
 + Level 3.5 Stealth


You had 5 spell levels left.
You didn't know any spells.
Your spell library was empty.

Dungeon Overview and Level Annotations

Branches:
Dungeon (4/15)
 Temple: D:4-7

Altars:
Elyvilon
Yredelemnul

Annotations:
D:3 Edmund
D:4 Sigmund


Innate Abilities, Weirdness & Mutations

Your plain brown scales are hard. (AC +6)
You cannot fit into any form of body armour.
You are cold-blooded and may be slowed by cold attacks.


Message History

Edmund is severely wounded.
You feel sick.
Edmund zaps a wand.
The puff of flame hits you!
* * * LOW HITPOINT WARNING * * *
You closely miss Edmund.
Edmund is severely wounded.
Edmund misses you.
You hit Edmund.
Edmund is severely wounded.
Edmund barely misses you.
You hit Edmund but do no damage. You tail-slap Edmund.
Edmund is almost dead.
You feel sick. Edmund barely misses you.
You hit Edmund but do no damage.
Edmund is almost dead.
Edmund hits you but does no damage.
You hit Edmund. You tail-slap Edmund, but do no damage.
Edmund is almost dead.
Edmund hits you with a flail of crushing!
* * * LOW HITPOINT WARNING * * *
You die...

♣♣.....♣♣ #.##..#.........#.
♣♣...♣♣ #.###.#..########.
♣♣.....♣♣ #.....#........... #
♣♣.......♣♣ ##.###.#.....).....
##♣...≈≈≈...♣##..# #.#..#########
.#...≈≈≈≈≈.......# #....#########
.....≈≈♣≈≈...#...###'............
.#...≈≈≈≈≈...##..##....#########.
.#....≈≈≈......@@##............#.
##.#.........######........###.#.
.....(......########+#..)..<.....
##.####....## #....#.#.......#.#.
#.# #.#### #.##.#.#)..#....<#.
#.# #.#######.##.#.#...........
#.# #............#.#..P.P..#.##
#.############.####.#..._.......
#.............)........P.P....##


You could see Edmund.

Vanquished Creatures
  A bullfrog (D:3)
  2 orc wizards (D:3)
  2 worker ants
  5 adders
  3 gnolls
  3 worms
  A dart slug (D:3)
  4 leopard geckos
  4 orcs
  4 bats
  3 giant cockroaches (D:1)
  10 goblins
  7 hobgoblins
  6 jackals
  2 quokkas
  4 frilled lizards
  10 kobolds
  7 rats
78 creatures vanquished.

Notes
Turn   | Place    | Note
-------+----------+-------------------------------------------
     0 | D:1      | Blackhawk the Draconian Monk began the quest for the Orb.
     0 | D:1      | Reached XP level 1. HP: 19/19 MP: 1/1
   169 | D:1      | Reached XP level 2. HP: 22/26 MP: 2/2
   782 | D:1      | Reached XP level 3. HP: 32/33 MP: 3/3
  1786 | D:3      | Found a basalt altar of Yredelemnul.
  1838 | D:3      | Reached XP level 4. HP: 36/40 MP: 4/4
  2065 | D:3      | Noticed a bullfrog
  2079 | D:3      | Killed a bullfrog
  2079 | D:3      | Reached XP level 5. HP: 29/47 MP: 5/5
  2475 | D:3      | Found a white marble altar of Elyvilon.
  2911 | D:3      | Reached XP level 6. HP: 53/53 MP: 6/6
  3675 | D:4      | Noticed Edmund
  3805 | D:4      | Noticed Sigmund
  3839 | D:3      | HP: 2/55 [Edmund/flail of crushing (8)]
  3839 | D:3      | Slain by Edmund

Skill      XL: |  1  2  3  4  5  6 |
---------------+-------------------+-----
Stealth        | 2 3 |  3.5
Dodging        | 3 4 |  4.0
Fighting       | 4 |  4.8
Axes           | 4 |  4.3

Action                   |  1- 3 |  4- 6 || total
-------------------------+-------+-------++-------
Melee: Hand axe          |   128 |   151 ||   279
       Tailslap          |    10 |    22 ||    32
  Use: Scroll            |     4 |       ||     4
 Stab: Sleeping          |     2 |     4 ||     6
       Distracted        |       |     1 ||     1
  Eat: Chunk             |     3 |     6 ||     9
Armor: Skin              |    43 |    37 ||    80
Dodge: Dodged            |   113 |   102 ||   215
